 Dungeon Crawl Stone Soup version 0.30.0-29-ga12c61a403 (webtiles) character file.

Game seed: 14085204105820414598

84 qw the Chopper (level 4, -15/28 HPs)
             Began as a Gargoyle Fighter on June 5, 2023.
             Demolished by an ogre
             ... wielding a +0 giant club
              (17 damage)
             ... on level 4 of the Dungeon.
             The game lasted 00:01:19 (3321 turns).

qw the Chopper (Gargoyle Fighter)                   Turns: 3321, Time: 00:01:20

Health: -15/28     AC: 18    Str: 22    XL:     4   Next: 45%
Magic:  4/4        EV:  6    Int:  8    God:
Gold:   209        SH:  4    Dex:  9    Spells: 3/3 levels left

rFire   . . .        Y - +1 war axe
rCold   + . .        c - +0 buckler
rNeg    + + .        p - +3 plate armour
rPois   inf          (no helmet)
rElec   +            (no cloak)
rCorr   .            (no gloves)
SInv    .            (no boots)
Will    .....        (no amulet) Stlth
                     f - ring of positive energy
HPRegen 0.24/turn    g - ring of protection from cold
MPRegen 0.09/turn

%: no passive effects
@: about to teleport
A: sickness immunity, AC +3, negative energy resistance 1, electricity
resistance, torment resistance 1, petrification resistance
a: no special abilities


You were on level 4 of the Dungeon.
You visited 1 branch of the dungeon, and saw 4 of its levels.

You collected 209 gold pieces.


Innate Abilities, Weirdness & Mutations

You are immune to sickness and miasma.
Your stone body is resilient. (AC +3)
You are immune to poison.
You resist negative energy. (rN+)
You are resistant to electric shocks. (rElec)
You are resistant to unholy torment.
You are immune to petrification.


   Skills:
 - Level 3.2 Fighting
 + Level 4.1 Axes
 - Level 3.2 Armour
 - Level 3.2 Shields


You had 3 spell levels left.
You didn't know any spells.
Your spell library was empty.

Inventory:

Hand Weapons
 b - a +0 flail of draining
 Y - a +1 war axe (weapon)
Armour
 c - a +0 buckler (worn)
 j - the +2 pair of gloves of Xuluple {Harm rElec}
   (You acquired it on level 3 of the Dungeon)

   rElec:     It insulates you from electricity.
   Harm:      It increases damage dealt and taken.
 p - a +3 plate armour (worn)
Jewellery
 f - a ring of positive energy (left hand)
 g - a ring of protection from cold (right hand)
Scrolls
 h - a scroll of identify
 k - a scroll of teleportation
Potions
 a - a potion of cancellation
 d - 2 potions of might
 e - 3 potions of curing
 i - a potion of haste
 l - a potion of flight {unknown}
 m - a potion of degeneration {unknown}
 o - a potion of magic {unknown}

Dungeon Overview and Level Annotations

Branches:
Dungeon (4/15)
 Temple: D:4-7

Altars:


Message History

Enter note:
Enter note:
Enter note:
Enter note:
Enter note:
Enter note:
Enter note:
Enter note: You barely miss the hobgoblin.
The hobgoblin hits you but does no damage.
You block the hobgoblin's attack.
You completely miss the hobgoblin.
The hobgoblin hits you but does no damage.
You slash the hobgoblin!
You kill the hobgoblin!
You see here 6 stones.
k - 2 scrolls of teleportation (gained 1)
An ogre comes into view. It is wielding a +0 giant club.
The ogre shouts!
Enter note:
Enter note:
Enter note:
Enter note: You completely miss the ogre.
The ogre hits you with a +0 giant club!
You barely miss the ogre. The ogre hits you but does no damage.
You hit the ogre.
The ogre is moderately wounded.
The ogre hits you with a +0 giant club.
You hit the ogre.
The ogre is moderately wounded.
The ogre hits you with a +0 giant club!
Ouch! That really hurt!
3321 ||| READING 2 scrolls of teleportation.
As you read the scroll of teleportation, it crumbles to dust.
You feel strangely unstable. The ogre hits you with a +0 giant club!
Ouch! That really hurt!
You die...

....# #..........# ....#
#....###.### ....#
#########..# ##'##
#.......#.##
.<.####.........# ######
#..............###.....#
#..............# ......#
#......######.###O.....#
##.....# #.....@.#
....#### #...##### ##.##
#####..## .).# #......#
##### #.###..# ....#
#.....## ###.###.###.#
#...#.##..##..
###.##........


You could see an ogre.

Vanquished Creatures
  4 worms
  3 dart slugs
  5 orcs (D:3)
  5 ball pythons
  4 endoplasms (D:1)
  2 giant cockroaches (D:1)
  7 goblins
  7 hobgoblins
  A quokka (D:2)
  6 bats
  A frilled lizard (D:3)
  4 kobolds
  14 rats
63 creatures vanquished.

Notes
Turn   | Place    | Note
-------+----------+-------------------------------------------
     0 | D:1      | qw the Gargoyle Fighter began the quest for the Orb.
     0 | D:1      | Reached XP level 1. HP: 14/14 MP: 1/1
     0 | D:1      | 0 ||| qw: Version: 0.2-a-108-gee2c290
     0 | D:1      | 0 ||| qw: Game counter: 1341
     0 | D:1      | 0 ||| qw: Always use a shield: true
     0 | D:1      | 0 ||| qw: God list: Okawaru
     0 | D:1      | 0 ||| qw: Allow faded altars: false
     0 | D:1      | 0 ||| qw: Do Orc after D:15 true
     0 | D:1      | 0 ||| qw: Do second Lair branch before Depths: true
     0 | D:1      | 0 ||| qw: Lair rune preference: random
     0 | D:1      | 0 ||| qw: Plans: Normal, Zot:1-4, Slime:5, God:TSO, Crypt,
                  | Tomb, Abyss, Pan, Hells, Win
     0 | D:1      | 0 ||| PLANNING D:1-11
    14 | D:1      | 14 ||| Stepping ~*~*~tactically~*~*~ (hiding).
    21 | D:1      | Reached skill level 2 in Axes
   150 | D:1      | Reached XP level 2. HP: 19/19 MP: 2/2
   597 | D:1      | Reached skill level 3 in Axes
   597 | D:1      | 597 ||| FLEEEEING.
   598 | D:1      | 598 ||| FLEEEEING.
   692 | D:1      | Reached XP level 3. HP: 22/23 MP: 3/3
   945 | D:1      | 945 ||| DROPPING +0 club.
  1120 | D:1      | 1120 ||| READING scroll labelled DERGHA AC JIARO.
  1125 | D:1      | 1125 ||| READING scroll labelled BINNAET SEVICE.
  1126 | D:1      | 1126 ||| READING scroll labelled JERUOWIFRE.
  1127 | D:1      | 1127 ||| READING scroll labelled YDICONOXZO.
  1128 | D:1      | 1128 ||| READING scroll labelled MEFFOACSIO.
  1504 | D:2      | 1504 ||| Stepping ~*~*~tactically~*~*~ (hiding).
  1680 | D:2      | 1680 ||| Stepping ~*~*~tactically~*~*~ (hiding).
  2255 | D:2      | 2255 ||| UPGRADING to +0 plate armour.
  2265 | D:2      | 2265 ||| DROPPING +0 scale mail.
  2266 | D:2      | 2266 ||| UPGRADING to ring of positive energy.
  2267 | D:2      | 2267 ||| UPGRADING to ring of protection from cold.
  2268 | D:2      | 2268 ||| READING scroll labelled AVUAQE HEPHYRE.
  2269 | D:2      | 2269 ||| READING 3 scrolls labelled ISKINL SUMIM.
  2270 | D:2      | 2270 ||| READING 2 scrolls of enchant armour.
  2270 | D:2      | 2270 ||| ENCHANTING +0 plate armour.
  2271 | D:2      | 2271 ||| READING scroll of enchant armour.
  2271 | D:2      | 2271 ||| ENCHANTING +1 plate armour.
  2272 | D:2      | 2272 ||| READING scroll labelled DAUDEYFUGO.
  2273 | D:2      | 2273 ||| DRINKING 2 red potions.
  2416 | D:3      | Reached XP level 4. HP: 28/28 MP: 4/4
  2418 | D:3      | 2418 ||| DROPPING +0 whip.
  2483 | D:3      | 2483 ||| Stepping ~*~*~tactically~*~*~ (hiding).
  2489 | D:3      | Reached skill level 4 in Axes
  2762 | D:3      | 2762 ||| Stepping ~*~*~tactically~*~*~ (stealth).
  2893 | D:3      | 2893 ||| READING scroll of enchant armour.
  2893 | D:3      | 2893 ||| ENCHANTING +2 plate armour.
  2935 | D:3      | 2935 ||| READING scroll labelled OPLIRO XIFODIO.
  2935 | D:3      | Identified a scroll of acquirement
  2935 | D:3      | 2935 ||| ACQUIRING +2 pair of gloves of Xuluple {Harm
                  | rElec}
  2935 | D:3      | Acquired the +2 pair of gloves of Xuluple {Harm rElec}
  2937 | D:3      | 2937 ||| READING scroll labelled XAGABIUSEMP.
  2938 | D:3      | 2938 ||| DRINKING 2 clear potions.
  2939 | D:3      | 2939 ||| READING 2 scrolls of identify.
  2939 | D:3      | 2939 ||| IDENTIFYING cyan potion
  3315 | D:4      | Noticed an ogre
  3320 | D:4      | HP: 2/28 [ogre/+0 giant club (17)]
  3321 | D:4      | 3321 ||| READING 2 scrolls of teleportation.
  3321 | D:4      | Demolished by an ogre

Levels and vault maps discovered:
D:1:      dpeg_arrival_ratfight, layout_basic
D:2:      layout_basic, minmay_3d_cube
D:3:      layout_rooms
D:4:      layout_basic, mainiacjoe_overflow_cross_hatched, uniq_eustachio,
          uniq_grinder

Skill      XL: |  1  2  3  4 |
---------------+-------------+-----
Axes           | 2 3 4 |  4.1
Fighting       | |  3.2
Armour         | |  3.2
Shields        | |  3.2

Action                     |  1- 3 |  4- 6 || total
---------------------------+-------+-------++-------
  Melee: War axe           |   115 |    47 ||   162
    Use: Scroll            |    10 |     5 ||    15
         Potion            |     1 |     1 ||     2
 Armour: Scale mail        |    40 |       ||    40
         Plate armour      |     8 |    30 ||    38
  Dodge: Dodged            |    33 |     7 ||    40
  Block: Buckler           |    19 |     4 ||    23

Table legend:
 A = Non-vault XP
 B = Vault XP
 C = Vault XP percentage of total XP
 D = Non-vault monster count
 E = Vault monster count
 F = Vault count percentage of total count
                 A         B        C        D         E       F
            +---------+---------+-------+---------+---------+-------
      Total |     108 |      12 |  10.0 |      54 |       9 |  14.3
            +---------+---------+-------+---------+---------+-------
        D:1 |      36 |       5 |  12.2 |      22 |       5 |  18.5
        D:2 |      19 |       7 |  26.9 |       8 |       4 |  33.3
        D:3 |      45 |       0 |   0.0 |      19 |       0 |   0.0
        D:4 |       8 |       0 |   0.0 |       5 |       0 |   0.0
            +---------+---------+-------+---------+---------+-------
